AoeStats
← Lord_Wilfredo

Nomad

508159837Analyzed
4v4 RM · 12d ago on Sep 21, 2026· 30m 48s· 8 players
Game mode
Random Map
Map size
231×231
Population
200
Speed
Normal
Resources
Standard
Victory
Conquest
Starting age
Dark Age
Ending age
Imperial Age
RankedLock teamsTeams togetherTeam positionsShared explorationLock speedFull tech treeHidden civsTurbo modeCheats
Victory
Defeat
🇨🇳 Persians · China
1373
+17
🇦🇷 Spanish · Argentina
1355
+17
🇫🇷 Bohemians · France
1309
+19
🇺🇸 Magyars · United States
1293
+20
🇨🇳 Spanish · China
1454
-21
1390
-19
🇨🇳 Maya · China
1352
-17
🇨🇳 Vietnamese · China
1334
-16
I ONLY MAKE TRADE CARTS
4:47 Loom
14:08 Feudal Age
18:35 Castle Age
21:08 Scale Barding Armor
20:59 Gold Mining
20:56 Double-Bit Axe
jawsy_
4:31 Loom
13:11 Feudal Age
13:49 Double-Bit Axe
18:52 Castle Age
19:44 Bow Saw
20:35 Medium Warships
22:57 Horse Collar
26:17 Wheelbarrow
32:22 Imperial Age
喷火龙
5:21 Loom
15:01 Feudal Age
18:40 Castle Age
17:20 Double-Bit Axe
17:53 Horse Collar
26:28 Wheelbarrow
29:41 Bow Saw
Lord_Wilfredo
4:56 Loom
13:35 Feudal Age
17:42 Castle Age
16:47 Fishing Lines
17:26 Double-Bit Axe
18:35 Bow Saw
20:28 Horse Collar
28:31 Padded Archer Armor
30:32 Wheelbarrow
30:25 Bloodlines
_TY_梦涯
7:01 Loom
14:27 Feudal Age
18:29 Castle Age
17:51 Fishing Lines
17:59 Double-Bit Axe
22:21 Fletching
23:05 Horse Collar
23:32 Treadmill Crane
25:05 Ballistics
28:38 Bodkin Arrow
29:25 Scale Mail Armor
30:56 Squires
埃米尔.帖木儿.夏天
15:58 Feudal Age
20:12 Castle Age
17:58 Double-Bit Axe
18:49 Town Watch
21:17 Fletching
21:57 Bodkin Arrow
22:23 Bow Saw
23:55 Padded Archer Armor
慎独
4:38 Loom
13:45 Feudal Age
14:21 Town Watch
18:42 Castle Age
17:14 Double-Bit Axe
17:26 Fishing Lines
19:23 Gillnets
19:50 Gold Mining
21:09 Bow Saw
24:45 Padded Archer Armor
30:27 Horse Collar
Mr.Robin
4:15 Loom
14:49 Feudal Age
15:33 Town Watch
16:51 Wheelbarrow
16:06 Double-Bit Axe
18:48 Castle Age
18:52 Fletching
20:45 Bow Saw
21:21 Bodkin Arrow
21:25 Fishing Lines
22:54 Gillnets
23:45 Padded Archer Armor
24:20 Gold Mining
26:56 Horse Collar
31:24 Imperial Age
29:58 Scale Mail Armor
30:09 Forging
30:01 Stone Mining
Connection lost

Rejoining the realm…

Still unreachable

The connection could not be restored.

Session expired

The server has moved on; the page needs a fresh start.